cohdb
Replays
Latest Replays
All Replays
Popular Replays
Top Player Replays
Match Explorer
How It Works
Community
CoH3 Stats
Reddit
Sign in to upload your games and track your stats! →
Sign in with Steam
Match 43525585
Unlisted
Match 43525585
Overview
Messages
Build Orders
End
Kradschützen Motorcycle Team
Kradschützen Motorcycle Team
Selects Armored Support Battlegroup
Selects Armored Support Battlegroup
250 Light Carrier
Construct Light Support Kompanie
Assault Grenadier Squad
Panzerjäger Squad
Fire Support Elements
Selects Superior Fire Drills
Flakvierling Half-track
Selects Salvage Kits
Construct Mechanized Kompanie
Vehicle Survival Package
Emergency Repair Kits
StuG III D Assault Gun
Selects Flammpanzer III Medium Tank
Marder III Tank Destroyer
StuG III D Assault Gun
Willaguy
GenObi
0
0
Comments
sign in to comment!
No comments posted yet!